 Dungeon Crawl Stone Soup version 0.18.1-47-g9310371 (webtiles) character file.

140 KrisztiCat the Digger (level 5, 0/28 HPs)
             Began as a Gargoyle Earth Elementalist on June 17, 2016.
             Shot with a stone by a goblin (6 damage)
             ... on level 3 of the Dungeon.
             The game lasted 00:11:57 (1861 turns).

KrisztiCat the Digger (Gargoyle Earth Elementalist) Turns: 1861, Time: 00:12:00

Health: 0/28       AC:  6    Str: 11    XL:     5   Next: 23%
Magic:  2/11       EV: 12    Int: 17    God:
Gold:   138        SH:  0    Dex: 10    Spells: 1 memorised, 11 levels left

rFire  . . .     SeeInvis .     j - +0 short sword
rCold  . . .     Gourm    .     a - +0 robe
rNeg   + . .     Faith    .     (no shield)
rPois  ∞         Spirit   .     (no helmet)
rElec  +         Dismiss  .     (no cloak)
rCorr  .         Reflect  .     (no gloves)
SustAt .         Harm     .     (no boots)
MR     .....                    (no amulet)
Stlth  ++........               (no ring)
                                p - ring of poison resistance

@: slowed, very slow, not resistant to hostile enchantments, unstealthy
A: negative energy resistance 1, electricity resistance, unbreathing,
petrification resistance, rot immunity, AC +4
a: no special abilities


You were on level 3 of the Dungeon.
You were not hungry.

You visited 1 branch of the dungeon, and saw 3 of its levels.

You collected 138 gold pieces.

Inventory:

Hand Weapons
 j - a +0 short sword (weapon)
Missiles
 b - 170 stones (quivered)
Armour
 a - a +0 robe (worn)
 g - a +0 buckler
 l - a +0 buckler
Jewellery
 p - a ring of poison resistance (left hand)
Scrolls
 h - 2 scrolls of identify {unknown}
 m - a scroll of teleportation {unknown}
 n - 2 scrolls of magic mapping {unknown}
 r - a scroll of amnesia {unknown}
 s - 2 scrolls of remove curse {unknown}
Potions
 e - a potion of curing {unknown}
 k - a potion of brilliance {unknown}
 o - a potion of might {unknown}
 t - a potion of cancellation {unknown}
 u - a potion of haste {unknown}
Books
 c - a book of Geomancy

   Spells                             Type                      Level
   a - Sandblast                      Earth                        1
   b - Passwall                       Transmutation/Earth          2
   c - Stone Arrow                    Conjuration/Earth            3
   d - Petrify                        Transmutation/Earth          4
   e - Lee's Rapid Deconstruction     Earth                        5
Comestibles
 d - 2 bread rations
 f - 7 chunks of flesh
 q - a meat ration


   Skills:
 - Level 1.5 Dodging
 - Level 2.1 Stealth
 * Level 4.2 Spellcasting
   Level 0.7 Transmutations
 + Level 4.8 Earth Magic


You had 11 spell levels left.
You knew the following spells:

 Your Spells              Type           Power        Failure   Level  Hunger
a - Sandblast             Erth           ###...       2%          1    None


Dungeon Overview and Level Annotations

Branches:
Dungeon (3/15)

Altars:
Yredelemnul


Innate Abilities, Weirdness & Mutations

You are resistant to torment.
Your stone body is resilient (AC +4).
You are immune to poison.
You resist negative energy.
You are resistant to electric shocks.
You can survive without breathing.
You are immune to petrification.
You are immune to rotting.


Message History

The orc wizard casts a spell.
The orc wizard seems to speed up.
The orc hits you but does no damage.
Drink which item? (? for menu, Esc to quit)
Okay, then.
Read which item? (? for menu, Esc to quit)
As you read the scroll labeled ZARRIE VUVVEB, it crumbles to dust.
You assume a fearsome visage.
The orc wizard looks frightened!
The orc looks frightened!
It was a scroll of fear.
The orc wizard casts a spell.
The orc wizard blinks!
Found a green potion.
A kobold comes into view. It is wielding a club.
A rat and a goblin come into view.
The goblin shouts!
The kobold shouts!
The goblin unwields an uncursed club.
The goblin wields a hunting sling.
The goblin shoots a stone.
The stone closely misses you.
The kobold throws a stone.
The stone closely misses you.
The rat moves out of view.
The kobold throws a stone.
The stone misses you.
The goblin shoots a stone.
The stone hits you.
You die...

..o.... ....... ...oo..
# ....... .s ....o.. ..g
....... ...r o....$.
..... .......
######...... .......
####...@....... ##.
...#######....####..!...
#.! .o...†.....####
...K. #.. ..##.#######
.>.> ##..#### #...## ###
#..#.... ###..##
#..#..<. ##..# #..#....
##.# ###..#.... #.#
####......###


You could see a giant cockroach (wandering), a goblin, a kobold and a rat
(wandering).

Vanquished Creatures
  An orc priest (D:3)
  3 gnolls (D:2)
  3 adders (D:2)
  An ooze (D:1)
  2 worms (D:2)
  A dart slug (D:1)
  3 giant geckos
  2 orcs (D:3)
  A giant cockroach (D:1)
  2 goblins (D:2)
  5 hobgoblins (D:1)
  3 kobolds
  2 quokkas (D:2)
  4 bats
  A giant newt (D:1)
  10 rats
44 creatures vanquished.

Notes
Turn   | Place    | Note
--------------------------------------------------------------
     0 | D:1      | KrisztiCat the Gargoyle Earth Elementalist began the quest for the Orb.
     0 | D:1      | Reached XP level 1. HP: 10/10 MP: 3/3
   329 | D:1      | Reached XP level 2. HP: 13/15 MP: 0/5
   931 | D:2      | Reached XP level 3. HP: 10/19 MP: 5/7
  1094 | D:2      | Found a basalt altar of Yredelemnul.
  1272 | D:2      | Reached XP level 4. HP: 14/24 MP: 1/9
  1776 | D:3      | Reached XP level 5. HP: 13/28 MP: 0/11
  1861 | D:3      | Shot with a stone by a goblin

Skill      XL: |  1  2  3  4 |
---------------+-------------+-----
Earth Magic    | 4 |  4.8
Spellcasting   | 3 4 |  4.2
Dodging        | |  1.5
Stealth        | |  2.1
Transmutations | |  0.7

Action                   |  1- 3 |  4- 6 || total
-------------------------+-------+-------++-------
Melee: Short sword       |    17 |    30 ||    47
 Cast: Sandblast         |    46 |    36 ||    82
  Use: Scroll            |       |     1 ||     1
  Eat: Chunk             |     1 |     2 ||     3
Armor: Robe              |    14 |    22 ||    36
Dodge: Dodged            |    21 |    30 ||    51
